 Dungeon Crawl Stone Soup version 0.29.0-11-gd7f09526c8 (webtiles) character file.

Game seed: 16685565453337585723

1865 gelatine the Trooper (level 8, -2/69 HPs)
             Began as a Demonspawn Fighter on Sept 3, 2022.
             Slain by a killer bee (5 damage)
             ... on level 6 of the Dungeon.
             The game lasted 00:21:08 (6636 turns).

gelatine the Trooper (Demonspawn Fighter)           Turns: 6636, Time: 00:21:08

Health: -2/69      AC: 13    Str: 24    XL:     8   Next: 90%
Magic:  8/8        EV: 10    Int: 10    God:
Gold:   156        SH:  4    Dex: 13    Spells: 7/7 levels left

rFire   + . .      SeeInvis .   E - +0 battleaxe (vorpal)
rCold   . . .      Faith    .   (shield currently unavailable)
rNeg    . . .      Spirit   .   b - +0 scale mail
rPois   .          Reflect  .   (no helmet)
rElec   .          Harm     .   D - +2 cloak {Will+}
rCorr   .          Rampage  .   (no gloves)
Will    ++...                   (no boots)
Stlth   ..........              j - amulet of magic regeneration
HPRegen 0.21/turn               v - ring of willpower
MPRegen 0.51/turn               B - +6 ring of strength

@: no status effects
A: claws 1, icy blue scales 2, condensation shield, demonic magic 1, fire
resistance 1, robust 1
a: no special abilities


You were on level 6 of the Dungeon.
You visited 2 branches of the dungeon, and saw 7 of its levels.

You collected 340 gold pieces.
You spent 184 gold pieces at shops.

Inventory:

Hand Weapons
 a - a +0 war axe
 g - a +4 mace
 n - a +0 arbalest
 C - a +4 quarterstaff of chaos
 E - a +0 vorpal battleaxe (weapon)
 H - a +4 dire flail
Missiles
 m - 6 boomerangs (quivered)
 A - a silver boomerang
 G - 2 poisoned darts
Armour
 b - a +0 scale mail (worn)
 c - a +0 buckler
 D - a +2 cloak of willpower (worn)
 I - a +0 plate armour
Jewellery
 j - an amulet of magic regeneration (around neck)
 v - a ring of willpower (left claw)
 B - a +6 ring of strength (right claw)
Wands
 p - a wand of quicksilver (6)
 q - a wand of polymorph (6)
 z - a wand of digging (3)
Scrolls
 f - a scroll of teleportation
 h - a scroll of blinking
 l - a scroll of magic mapping
 s - a scroll of brand weapon
 x - a scroll of enchant weapon
 y - a scroll of poison {unknown}
 J - a scroll of immolation {unknown}
Potions
 d - 2 potions of might
 e - 3 potions of curing
 i - 4 potions of mutation
 k - 2 potions of lignification {unknown}
 o - 2 potions of flight {unknown}
 r - a potion of haste {unknown}
 u - a potion of invisibility {unknown}
 w - a potion of magic {unknown}
 F - a potion of berserk rage {unknown}


   Skills:
 + Level 5.5 Fighting
 + Level 4.2(5.4) Axes
 + Level 5.0(5.7) Maces & Flails
 + Level 1.6 Throwing
 + Level 5.2 Armour
 + Level 2.1 Dodging
 + Level 0.5 Stealth
 + Level 5.0 Shields
 + Level 0.2 Evocations


You had 7 spell levels left.
You didn't know any spells.
Your spell library contained the following spells:

 Spells                   Type           Power      Damage    Failure   Level
 Apportation              Tloc           0%         N/A       65%         1
 Poisonous Vapours        Pois/Air       0%         N/A       78%         2
 Sublimation of Blood     Necr           0%         N/A       78%         2
 Corpse Rot               Necr/Pois/Air  0%         N/A       100%        4
 Petrify                  Tmut/Erth      0%         N/A       100%        4
 Alistair's Intoxication  Tmut/Pois      0%         N/A       100%        5
 Irradiate                Conj/Tmut      0%         3d11      100%        5


Dungeon Overview and Level Annotations

Branches:
Dungeon (6/15)             Temple (1/1) D:4

Altars:
Ashenzari
Cheibriados
Dithmenos
Fedhas
Gozag
Hepliaklqana
Kikubaaqudgha
Makhleb
Nemelex Xobeh
Okawaru
Qazlal
Ru
Sif Muna
Trog
Uskayaw
Vehumet
Wu Jian
Xom
Yredelemnul

Shops:
D:1 :   D:2 !?(:(   D:3 [

Annotations:
D:4 3 runed translucent doors, SensoryNuts's ghost, novice FoFi
D:5 2 transporters, oldmanjim's ghost, amateur PaVM


Innate Abilities, Weirdness & Mutations

You have sharp fingernails.
You are mostly covered in icy blue scales. (AC +3)
A meltable shield of frost defends you. (SH +4)
Spells you cast may paralyse adjacent enemies.
Your flesh is heat resistant. (rF+)
You are robust. (+10% HP)


Message History

The killer bee stings you.
* * * LOW HITPOINT WARNING * * *
You feel better. The killer bee stings you.
* * * LOW HITPOINT WARNING * * *
You are poisoned.
The killer bee poisons you! The killer bee stings you.
* * * LOW HITPOINT WARNING * * *
Read: scroll of butterflies
Press: ? - help, Q - select action, (/) - cycle Dir - look around, f - activate Look: a killer bee (heavily wounded)
As you read the scroll of butterflies, it crumbles to dust.
You hear the tinkle of a tiny bell.
* * * LOW HITPOINT WARNING * * *
You feel sick.
The killer bee stings you but does no damage.
You block the killer bee's attack.
You swap places.
You feel sick.
The killer bee barely misses your butterfly. x2
You swap places.
You feel sick.
The killer bee barely misses your butterfly.
The killer bee misses your butterfly.
There is an open door here.
You feel sick. The killer bee stings your butterfly.
Your butterfly dies!
Your butterfly disappears in a burst of colours!
The killer bee stings your butterfly.
Your butterfly dies!
Your butterfly disappears in a burst of colours!
You feel sick.
You are no longer poisoned.
The killer bee stings your butterfly.
Your butterfly dies!
Your butterfly disappears in a burst of colours!
The killer bee barely misses you.
The killer bee attacks as you move away!
The killer bee stings you but does no damage.
The killer bee barely misses you.
The killer bee stings you but does no damage.
The killer bee stings you.
You die...

## #....# .# +....# .# #....#
#######....# ...........#
...........# .. ...........# ...
......<....###################..
##########......@y...b........#
.............................#
........#######...S...b......#
##..##..#.....#....bb........# #
######..#.....#..#..b.##'#####..
........'.._..#..#....#......b..
........#.....#..#....+..b.>....
###+###+.#.....#.##....####†###..
.........#######....#### ...


You could see a killer bee (ally target) and an adder.

Vanquished Creatures
  Grinder (D:6)
  An ice beast (D:5)
  An orc warrior (D:6)
  2 black bears
  4 phantoms
  2 kobold brigands
  2 scorpions
  A necrophage (D:5)
  4 killer bees (D:6)
  A howler monkey (D:6)
  3 hounds
  Crazy Yiuf (D:5)
  An orc priest (D:5)
  4 iguanas
  Natasha (thrice) (D:3)
  3 adders
  An ufetubus (D:5)
  6 worms
  4 dart slugs
  17 orcs
  6 bats
  6 endoplasms
  6 giant cockroaches
  13 goblins
  5 hobgoblins
  7 jackals
  3 quokkas
  7 ball pythons
  6 frilled lizards
  11 kobolds
  6 rats
138 creatures vanquished.

Notes
Turn   | Place    | Note
-------+----------+-------------------------------------------
     0 | D:1      | gelatine the Demonspawn Fighter began the quest for the
                  | Orb.
     0 | D:1      | Reached XP level 1. HP: 18/18 MP: 1/1
   296 | D:1      | Gained mutation: Spells you cast may paralyse adjacent
                  | enemies. [demonic ancestry]
   296 | D:1      | Reached XP level 2. HP: 21/24 MP: 2/2
   417 | D:1      | Found Judab's Book Boutique.
   986 | D:1      | Gained mutation: You are partially covered in icy blue
                  | scales. (AC +2) [demonic ancestry]
   986 | D:1      | Reached XP level 3. HP: 29/29 MP: 3/3
  1131 | D:2      | Found Kaplurph's Weapon Emporium.
  1223 | D:2      | Found Mememp's Magic Scroll Shop.
  1231 | D:2      | Bought a scroll of identify for 28 gold pieces
  1258 | D:2      | Found Xarph's Distillery.
  1299 | D:2      | Bought a scroll of identify for 28 gold pieces
  1484 | D:2      | Gained mutation: Your flesh is heat resistant. (rF+)
                  | [potion of mutation]
  1484 | D:2      | Gained mutation: You are robust. (+10% HP) [potion of
                  | mutation]
  1619 | D:2      | Found Wetz's Weapon Emporium.
  1779 | D:2      | Found Addaico's Book Shoppe.
  1814 | D:2      | Found a faded altar of an unknown god.
  2016 | D:2      | Bought a potion of heal wounds for 50 gold pieces
  2041 | D:3      | Reached XP level 4. HP: 39/39 MP: 4/4
  2068 | D:3      | Noticed Natasha
  2075 | D:3      | Killed Natasha
  2076 | D:3      | Reached skill level 1 in Maces & Flails
  2142 | D:3      | Noticed Natasha
  2159 | D:3      | Killed Natasha
  2302 | D:3      | Gained mutation: A meltable shield of frost defends you.
                  | (SH +4) [demonic ancestry]
  2302 | D:3      | Reached XP level 5. HP: 12/46 MP: 5/5
  2527 | D:3      | Found Zuicir's Armour Boutique.
  2973 | D:3      | Noticed Natasha
  2988 | D:3      | Killed Natasha
  3413 | D:4      | Gained mutation: You are mostly covered in icy blue scales.
                  | (AC +3) [demonic ancestry]
  3413 | D:4      | Reached XP level 6. HP: 34/52 MP: 6/6
  3768 | D:4      | Found a staircase to the Ecumenical Temple.
  3808 | Temple   | Entered the Ecumenical Temple
  4220 | D:4      | Found a runed translucent gate.
  4220 | D:4      | Noticed SensoryNuts's ghost (novice FoFi)
  4220 | D:4      | Identified the +5 plate armour of Trumpets {rF+}
  4220 | D:4      | Noticed an orc warrior
  4221 | D:4      | Found a runed translucent gate.
  4222 | D:4      | Found a runed translucent gate.
  4224 | D:4      | Identified the +1 leather armour of the Falcon {rPois rC+
                  | rN++ Stlth-}
  4371 | D:5      | Entered Level 5 of the Dungeon
  4378 | D:5      | Reached skill level 1 in Dodging
  4426 | D:5      | Found a transporter.
  4429 | D:5      | Noticed oldmanjim's ghost (amateur PaVM)
  4491 | D:5      | Reached XP level 7. HP: 24/60 MP: 7/7
  5293 | D:5      | Found a transporter.
  5499 | D:5      | Reached skill level 5 in Fighting
  5505 | D:5      | Gained mutation: You have sharp fingernails. [demonic
                  | ancestry]
  5505 | D:5      | Reached XP level 8. HP: 64/68 MP: 8/8
  5551 | D:5      | Found a runed translucent door.
  5552 | D:5      | Noticed Crazy Yiuf
  5560 | D:5      | Killed Crazy Yiuf
  5691 | D:2      | Bought a +0 battleaxe for 78 gold pieces
  6065 | D:6      | Noticed Grinder
  6071 | D:6      | Reached skill level 1 in Throwing
  6097 | D:6      | Killed Grinder
  6386 | D:6      | Reached skill level 5 in Armour
  6551 | D:6      | Found an iron altar of Okawaru.
  6617 | D:6      | Reached skill level 5 in Maces & Flails
  6619 | D:6      | Reached skill level 5 in Shields
  6623 | D:6      | HP: 3/69 [killer bee (3)]
  6628 | D:6      | HP: 2/69 [poisoned by a killer bee]
  6636 | D:6      | Slain by a killer bee

Illustrated notes

Levels and vault maps discovered:
D:1:      lightli_arrival_quake, layout_loops_cross, serial_co_window_serial,
          co_window_paths_a, co_window_paths_a, co_window_paths_a,
          co_window_corner_a, co_window_corner_a, co_window_of_opportunity_a,
          co_window_paths_a, co_window_of_opportunity_a, co_window_cross_1,
          co_window_broadway_b, co_window_unsneaky_path_a, co_window_broadway_b,
          co_window_corner_b, co_window_broadway_b, glass_columns_c,
          glass_columns_b, glass_columns_c, serial_shops,
          nicolae_shop_advertising_works [nicolae_subvault_shop_adworks]
D:2:      layout_loops_cross, shapermc_ecumenical_altar_mp_vishouse,
          serial_shops, shop, nicolae_square_shop, nicolae_square_shop,
          nicolae_diamond_shop, nicolae_diamond_shop
D:3:      layout_rooms, serial_shops, shop, uniq_natasha
D:4:      layout_basic, minmay_temple_entry_offerings,
          biasface_ghost_orc_armoury
D:5:      layout_basic, gammafunk_ghost_stat_death, uniq_crazy_yiuf_cottage
D:6:      layout_gridville, amcnicky_altar_gilded, uniq_grinder
Temple:   minmay_crystal_snake_temple

Skill      XL: |  1  2  3  4  5  6  7  8 |
---------------+-------------------------+-----
Axes           | 2 4 |  4.2
Shields        | 3 4 5 |  5.0
Armour         | 3 4 5 |  5.2
Maces & Flails | 1 2 3 4 5 |  5.0
Fighting       | 4 5 |  5.5
Dodging        | 1 2 |  2.1
Throwing       | 1 |  1.6
Stealth        | |  0.5
Evocations     | |  0.2

Action                   |  1- 3 |  4- 6 |  7- 9 || total
-------------------------+-------+-------+-------++-------
Melee: War axe           |    78 |       |       ||    78
       Mace              |    50 |   184 |    99 ||   333
       Battleaxe         |       |       |    64 ||    64
       Dire flail        |       |       |     9 ||     9
Throw: Boomerang         |       |       |    24 ||    24
Evoke: Wand              |       |       |     2 ||     2
  Use: Scroll            |     5 |     1 |     5 ||    11
       Potion            |     1 |       |     5 ||     6
Armor: Scale mail        |    65 |    78 |   106 ||   249
Dodge: Dodged            |    72 |   105 |   120 ||   297
Block: Buckler           |    31 |    94 |    38 ||   163
       Other             |       |       |    28 ||    28
